 Dungeon Crawl Stone Soup version 0.26-a0-964-g69f9a3b9e2 (webtiles) character file.

Game seed: 14895899822370100934

793 pablito the Skirmisher (level 7, -2/63 HPs)
             Began as a Ghoul Monk on Dec 2, 2020.
             Was an Elder of Ru.
             Slain by Eustachio
             ... wielding a +0 rapier
              (5 damage)
             ... on level 6 of the Dungeon.
             The game lasted 00:15:04 (4883 turns).

pablito the Skirmisher (Ghoul Monk)                 Turns: 4883, Time: 00:15:05

Health: -2/63      AC: -1    Str: 15    XL:     7   Next: 88%
Magic:  2/6        EV: 18    Int:  5    God:    Ru [****..]
Gold:   279        SH:  0    Dex: 13    Spells: 6/6 levels left

rFire    x . .     SeeInvis .     - Unarmed
rCold    . . .     Faith    .   (no shield)
rNeg     + + +     Spirit   .   g - +0 leather armour
rPois    ∞         Reflect  .   k - +0 helmet
rElec    .         Harm     .   (no cloak)
rCorr    .         Rampage  .   (no gloves)
MR       .....                  (no boots)
Stlth    ++........             (no amulet)
HPRegen  0.00/turn              h - +4 ring of slaying
MPRegen  0.10/turn              j - +4 ring of evasion

@: exhausted
A: rotting body, claws 1, cold resistance 1, negative energy resistance 3,
inhibited regeneration, torment resistance, unbreathing, reduced AC 1,
temperature sensitive
a: Draw Out Power, Power Leap, Renounce Religion


You were on level 6 of the Dungeon.
You worshipped Ru.
Ru was greatly pleased with you.
You visited 1 branch of the dungeon, and saw 6 of its levels.

You collected 279 gold pieces.

Inventory:

Missiles
 i - 322 stones (quivered)
Armour
 g - a +0 leather armour (worn)
 k - a +0 helmet (worn)
Jewellery
 h - a +4 ring of slaying (left claw)
 j - a +4 ring of evasion (right claw)
 o - a +6 ring of strength
 u - an uncursed ring of flight
Wands
 y - a wand of random effects (17)
Scrolls
 n - a scroll of immolation {unknown}
 q - a scroll of amnesia {unknown}
 s - a scroll of fear {unknown}
 t - a scroll of enchant armour {unknown}
 v - a scroll of fog {unknown}
 w - a scroll of noise {unknown}
 z - 2 scrolls of identify
Potions
 c - a potion of curing {unknown}
 d - a potion of flight {unknown}
 e - a potion of berserk rage {unknown}
 f - a potion of degeneration {unknown}
 l - a potion of magic {unknown}
 m - a potion of might {unknown}
 p - a potion of attraction {unknown}
 r - 3 potions of heal wounds
 x - 2 potions of brilliance {unknown}


   Skills:
 + Level 6.1 Fighting
 + Level 5.2 Dodging
 - Level 3.0 Stealth
 + Level 6.1 Unarmed Combat


You had 6 spell levels left.
You didn't know any spells.
Your spell library was empty.

Dungeon Overview and Level Annotations

Branches:
Dungeon (6/15)
 Temple: D:4-7

Altars:
Ashenzari
Gozag
Ru
Trog
Wu Jian

Portals:
Ossuary: D:6

Annotations:
D:3 Edmund
D:6 Eustachio


Innate Abilities, Weirdness & Mutations

Your body is rotting away.
You thrive by killing the living.
You are immune to poison.
You have sharp fingernails.
Your flesh is cold resistant. (rC+)
You are immune to negative energy. (rN+++)
You do not regenerate when monsters are visible.
You are immune to unholy pain and torment.
You can survive without breathing.
You take slightly more damage. (AC -5)
You are sensitive to extremes of temperature. (rF-, rC-)


Message History

The centaur hits you with a cursed +0 shortbow!
You focus your will and illuminate the centaur in retribution!
You closely miss Eustachio.
Eustachio is almost dead.
The white imp gestures at you. The puff of frost hits you!
* * * LOW HITPOINT WARNING * * *
You focus your will and slow the white imp in retribution!
The worker ant misses you. The centaur misses you.
Eustachio begins to cast a spell, but is stunned by your will!
The river rat bites you.
* * * LOW HITPOINT WARNING * * *
The river rat misses you.
You scratch Eustachio.
Eustachio is almost dead.
The centaur completely misses you. The worker ant bites you.
* * * LOW HITPOINT WARNING * * *
Eustachio screams, "Hey, you killed my favourite bat!"
Eustachio hits you with a +0 rapier.
You die...

#### #. ..# #### #. #.#
..... #.###.#########
.....
#>............###......
#...............+......
#............(r5c......
###.....?.....r@@r.....
#...............B......
###.########∩########...
.<#.# #.# .. ....# #.#
.#### ... ....# .∩.
#.#<# ... #.###


You could see Eustachio, a centaur (corona), a worker ant, 2 river rats, a white
imp (summoned, slow) and a quokka (summoned).

Vanquished Creatures
  Grinder (D:3)
  A sky beast (D:5)
  A scorpion (D:5)
  A hound (D:4)
  A bullfrog skeleton (D:6)
  An orc priest (D:4)
  An orc wizard (D:4)
  Ijyb (D:5)
  2 worker ants (D:4)
  Robin (D:3)
  A howler monkey skeleton (D:5)
  7 adders
  2 white imps
  An ooze (D:4)
  An adder skeleton (D:4)
  4 worms
  2 dart slugs
  3 leopard geckos
  14 orcs
  5 giant cockroaches
  14 goblins
  8 hobgoblins
  3 kobolds
  2 quokkas
  3 bats (D:1)
  3 frilled lizards
  A quokka skeleton (D:4)
  6 rats
91 creatures vanquished.

Vanquished Creatures (others)
  An ogre (D:4)
  A plant (D:1)
2 creatures vanquished.

Grand Total: 93 creatures vanquished

Notes
Turn   | Place    | Note
-------+----------+-------------------------------------------
     0 | D:1      | pablito the Ghoul Monk began the quest for the Orb.
     0 | D:1      | Reached XP level 1. HP: 19/19 MP: 0/0
   161 | D:1      | Reached XP level 2. HP: 20/26 MP: 1/1
   723 | D:2      | Found a sacrificial altar of Ru.
   731 | D:2      | Became a worshipper of Ru the Awakened
   743 | D:2      | Gained mutation: You take slightly more damage. (AC -5) [Ru
                  | sacrifice]
   743 | D:2      | Reached * piety under Ru
  1063 | D:2      | Reached XP level 3. HP: 31/31 MP: 2/2
  1698 | D:3      | Found an ornate altar of the Wu Jian Council.
  1834 | D:3      | Noticed Grinder
  1846 | D:3      | Paralysed by Grinder for 4 turns
  1855 | D:3      | Killed Grinder
  1856 | D:3      | Reached XP level 4. HP: 8/41 MP: 3/3
  1856 | D:3      | Reached XP level 5. HP: 9/47 MP: 4/4
  1856 | D:3      | Reached XP level 6. HP: 11/55 MP: 5/5
  2261 | D:3      | Found a bloodstained altar of Trog.
  2293 | D:3      | Found a broken altar of Ashenzari.
  2566 | D:3      | Noticed Robin
  2597 | D:3      | Killed Robin
  2676 | D:3      | Reached skill level 5 in Fighting
  2771 | D:4      | Reached skill level 5 in Unarmed Combat
  2978 | D:4      | Identified the cursed +2 falchion of Bread {venom, rPois
                  | rF- rN++ Int+3}
  2998 | D:4      | Noticed Edmund
  3375 | D:4      | Got a bloodstained helmet
  3388 | D:4      | Identified the -2 helmet "Ceewk" {Int+3} (You found it on
                  | level 4 of the Dungeon)
  3593 | D:4      | Reached XP level 7. HP: 53/61 MP: 6/6
  3655 | D:4      | Gained mutation: You are sensitive to extremes of
                  | temperature. (rF-, rC-) [Ru sacrifice]
  3655 | D:4      | Reached ** piety under Ru
  3655 | D:4      | Reached *** piety under Ru
  3655 | D:4      | Reached **** piety under Ru
  4103 | D:5      | Entered Level 5 of the Dungeon
  4342 | D:5      | Found an opulent altar of Gozag.
  4415 | D:5      | Reached skill level 5 in Dodging
  4452 | D:5      | Noticed Ijyb
  4464 | D:5      | Killed Ijyb
  4867 | D:6      | Noticed Eustachio
  4870 | D:6      | Found a sand-covered staircase.
  4882 | D:6      | HP: 5/63 [river rat[Eustachio] (5)]
  4883 | D:6      | Slain by Eustachio

Illustrated notes

Levels and vault maps discovered:
D:1:      psy_arrival_conway, layout_loops_ring, serial_bayou_lagoon_a
D:2:      layout_rooms, nicolae_ru_sacrificial_ziggurat
D:3:      layout_basic, cheibrodos_ashenzari_chains, lemuel_crystal_altar,
          old_standard_altar, uniq_grinder, uniq_robin
D:4:      layout_basic, minivault_26, uniq_edmund
D:5:      layout_gridville, marbit_many_paths, uniq_ijyb
D:6:      layout_basic, nicolae_overflow_crystal_walls,
          overflow_temple_1_default, okawaru_ov_weapons_minmay,
          elyvilon_altar_5, minmay_temple_entry_nine_rooms,
          chequers_ossuary_entry_cave, uniq_eustachio, uniq_prince_ribbit1,
          uniq_sigmund

Skill      XL: |  1  2  3  4  5  6  7 |
---------------+----------------------+-----
Dodging        | 3 4 5 |  5.2
Fighting       | 4 5 6 |  6.1
Stealth        | 3 |  3.0
Unarmed Combat | 4 5 6 |  6.1

Action                   |  1- 3 |  4- 6 |  7- 9 || total
-------------------------+-------+-------+-------++-------
Melee: Unarmed           |    99 |   111 |    70 ||   280
       Punch             |       |     3 |     2 ||     5
Invok: Sacrifice Health  |     1 |       |       ||     1
       Power Leap        |       |       |     1 ||     1
       Sacrifice Resista |       |       |     1 ||     1
  Use: Scroll            |     2 |     4 |     1 ||     7
 Stab: Sleeping          |     6 |     1 |     1 ||     8
Armor: Robe              |    12 |       |       ||    12
Dodge: Dodged            |    63 |    64 |    59 ||   186

Table legend: (Time is in decaauts)
 A = Elapsed time spent in this place.
 B = Non-inter-level travel time spent in this place.
 C = Inter-level travel time spent in this place.
 D = Time resting spent in this place.
 E = Time spent auto-exploring this place.
 F = Levels seen in this place.
 G = Mean time per level.
                   A        B        C        D        E       F      G
               +--------+--------+--------+--------+--------+-----+--------+
         Total |   4867 |   4748 |    119 |    412 |   3567 |   6 |  811.2 |
       Dungeon |   4867 |   4748 |    119 |    412 |   3567 |   6 |  811.2 |
               +--------+--------+--------+--------+--------+-----+--------+

Top non-repeatable levels by time:
     D:3: 1462 daAuts
     D:4: 998 daAuts
     D:2: 906 daAuts
     D:1: 725 daAuts
     D:5: 677 daAuts
     D:6: 97 daAuts
